 Dungeon Crawl Stone Soup version 0.25.0-9-g26727b657a (webtiles) character file.

Game seed: 11670414179445637311

1761 vurker the Chiller (level 9, -8/59 HPs)
             Began as an Octopode Ice Elementalist on June 16, 2020.
             Mangled by an unseen horror (10 damage)
             ... on level 7 of the Dungeon.
             The game lasted 00:10:27 (7572 turns).

vurker the Chiller (Octopode Ice Elementalist)      Turns: 7572, Time: 00:10:27

Health: -8/59      AC:  1    Str:  7    XL:     9   Next: 7%
Magic:  4/18       EV: 13    Int: 20    God:
Gold:   235        SH:  0    Dex: 13    Spells: 8/20 levels left

rFire    + . .     SeeInvis .   x - +2 falchion (vorpal)
rCold    . . .     Gourm    .   (no shield)
rNeg     + . .     Faith    .   (helmet restricted)
rPois    +         Spirit   .   g - amulet of the acrobat
rElec    .         Reflect  .   m - ring of flight
rCorr    .         Harm     .   p - ring of positive energy
MR       .....                  v - ring of stealth
Stlth    ++++......             t - +4 ring of slaying
HPRegen  0.19/turn              y - ring of poison resistance
MPRegen  0.16/turn              d - ring of protection from fire
                                (no ring)
                                (no ring)

@: very slightly contaminated
A: almost no armour, stealthy swim, amphibious, 8 rings, constrict 8, camouflage
1, gelatinous body 1
a: Evoke Flight


You were on level 7 of the Dungeon.
You were very hungry.

You visited 1 branch of the dungeon, and saw 7 of its levels.

You collected 235 gold pieces.

Inventory:

Hand Weapons
 u - the +5 spear "Izoukkoa" {antimagic, rElec rF+}
   (You found it on level 4 of the Dungeon)

   It reduces the magical energy of the wielder, and disrupts the spells and
   magical abilities of those hit.
   Natural abilities and divine invocations are not affected.
   It protects you from fire.
   It insulates you from electricity.
 x - a +2 vorpal falchion (weapon)
   (You took it off an orc on level 4 of the Dungeon)
Jewellery
 d - a ring of protection from fire (on tentacle)
   (You took it off a gnoll on level 5 of the Dungeon)
 g - an amulet of the acrobat (around mantle)
   (You found it on level 6 of the Dungeon)
 m - a ring of flight (left tentacle)
   (You found it on level 2 of the Dungeon)
 p - a ring of positive energy (right tentacle)
   (You found it on level 3 of the Dungeon)
 t - a +4 ring of slaying (on tentacle)
   (You found it on level 4 of the Dungeon)
 v - a ring of stealth (on tentacle)
   (You found it on level 4 of the Dungeon)
 y - a ring of poison resistance (on tentacle)
   (You found it on level 5 of the Dungeon)
Wands
 c - a wand of disintegration (6)
   (You found it on level 4 of the Dungeon)
 n - a wand of polymorph (6)
   (You found it on level 2 of the Dungeon)
Scrolls
 f - a scroll of fear
 j - 7 scrolls of remove curse
 k - 2 scrolls of immolation
Potions
 a - 3 potions of curing
 b - a potion of flight {unknown}
 i - a potion of degeneration {unknown}
 l - a potion of brilliance {unknown}
 o - 2 potions of haste {unknown}
 r - 2 potions of heal wounds {unknown}
 s - 3 potions of lignification {unknown}
Comestibles
 e - 12 rations


   Skills:
 + Level 4.3 Fighting
 - Level 2.0 Dodging
 - Level 2.6 Stealth
 * Level 6.3 Spellcasting
 - Level 3.0 Conjurations
 - Level 3.0 Summonings
 * Level 7.7 Ice Magic


You had 8 spell levels left.
You knew the following spells:

 Your Spells              Type           Power        Failure   Level  Hunger
a - Freeze                Ice            ####         1%          1    None
b - Frozen Ramparts       Ice            #####.       1%          3    ##.....
c - Hailstorm             Conj/Ice       ####....     11%         4    ####...
d - Summon Ice Beast      Ice/Summ       ####....     11%         4    ####...

Your spell library contained the following spells:

 Spells                   Type           Power        Failure   Level  Hunger
 Ozocubu's Armour         Chrm/Ice       ###.....     6%          3    ##.....


Dungeon Overview and Level Annotations

Branches:
Dungeon (7/15)
 Temple: D:4-7

Altars:
Ashenzari
Fedhas
Nemelex Xobeh
Okawaru


Innate Abilities, Weirdness & Mutations

You cannot wear most types of armour.
You are very stealthy in the water. (Stealth+)
You are amphibious.
You can wear up to eight rings at the same time.
You can use your tentacles to constrict eight enemies at once.
Your skin changes colour to match your surroundings (Stealth+).
Your rubbery body absorbs attacks. (AC +1, EV +1)


Message History

The bullfrog completely misses you.
You riposte.
You slash the bullfrog! You grab the bullfrog. You squeeze the bullfrog.
The orc priest miscasts a cantrip.
You can't see any susceptible monsters within range! (Use Z to cast anyway.)
You hit the bullfrog.
You kill the bullfrog!
You have reached level 9!
Your experience leads to an increase in your attributes!
Increase (S)trength, (I)ntelligence, or (D)exterity?
You feel clever.
The orc priest calls down the wrath of Beogh upon you.
Beogh smites you!
You miscast Hailstorm.
You are very lightly contaminated with residual magic.
Nothing appears to happen.
The wall freezes the orc warrior.
A cannonade of hail descends around you!
The hail pelts the orc!!
You kill the orc!
The hail pelts something!
The hail misses the orc priest.
You are feeling very hungry.
The wall freezes something.
The wall freezes the orc warrior.
The orc warrior hits you with a +0 short sword!
* * * LOW HITPOINT WARNING * * *
The orc priest calls down the wrath of Beogh upon you.
Beogh smites you!
* * * LOW HITPOINT WARNING * * *
Something completely misses you.
The wall freezes something.
Something closely misses you.
The wall freezes the orc warrior.
The wall freezes something but do no damage.
The wall freezes the orc warrior!
A cannonade of hail descends around you!
The hail pelts the orc warrior.
The hail pelts the orc!
You kill the orc!
The wall freezes the orc warrior!
You kill the orc warrior!
The wall freezes something. x3
Something barely misses you.
The wall freezes the orc priest!
The frozen ramparts melt away.
Something hits you!
* * * LOW HITPOINT WARNING * * *
Deactivating autopickup; reactivate with Ctrl-A.
Aim: an orc priest (heavily wounded, chance to defeat MR: 65%)
The orc priest struggles to resist.
Something hits you!
* * * LOW HITPOINT WARNING * * *
Aim: an orc priest (heavily wounded, chance to defeat MR: 65%)
The orc priest struggles to resist.
Something hits you!
You die...

#.#####..........
#................
..##....).o...... ####.#
#...)##[...... #....#
#....# .o...(.
##....###..o.# o......
##.....#......##o......
##..............##......
#...........@....##.....
#................#
#................##
#...................
#.........<.........
#................####
##.................
##.....##.....####
##############


You could see an orc priest.

Vanquished Creatures
  Eustachio (D:5)
  Edmund (D:4)
  An orc warrior (D:7)
  2 phantoms
  A centaur (D:6)
  2 bullfrogs
  A water moccasin zombie (D:5)
  A scorpion (D:6)
  3 howler monkeys
  2 bullfrog zombies (D:5)
  3 orc priests
  4 hounds
  An orc wizard (D:5)
  A bullfrog skeleton (D:5)
  2 iguanas
  3 worker ants
  A killer bee zombie (D:5)
  11 gnolls
  9 adders
  An ooze (D:1)
  An adder skeleton (D:5)
  A worm (D:3)
  3 dart slugs (D:1)
  3 leopard geckos
  13 orcs
  5 bats
  9 giant cockroaches
  8 hobgoblins
  6 jackals
  6 kobolds
  2 quokkas
  2 ball pythons
  5 frilled lizards
  9 goblins
  A quokka skeleton (D:5)
  11 rats
136 creatures vanquished.

Vanquished Creatures (collateral kills)
  A phantom (D:4)
  A worker ant zombie (D:5)
  A leopard gecko skeleton (D:5)
3 creatures vanquished.

Grand Total: 139 creatures vanquished

Notes
Turn   | Place    | Note
-------+----------+-------------------------------------------
     0 | D:1      | vurker the Octopode Ice Elementalist began the quest for
                  | the Orb.
     0 | D:1      | Reached XP level 1. HP: 11/11 MP: 3/3
    38 | D:1      | Reached XP level 2. HP: 18/18 MP: 5/5
   558 | D:1      | Reached XP level 3. HP: 22/22 MP: 6/6
   563 | D:1      | Reached skill level 1 in Fighting
   984 | D:2      | Learned a level 3 spell: Frozen Ramparts
  1206 | D:2      | Found a shattered altar of Ashenzari.
  1243 | D:2      | Reached XP level 4. HP: 21/28 MP: 6/8
  2444 | D:3      | Reached skill level 5 in Ice Magic
  2444 | D:3      | Reached XP level 5. HP: 29/33 MP: 5/9
  3036 | D:3      | Found a blossoming altar of Fedhas.
  3442 | D:4      | Noticed Edmund
  3453 | D:4      | Killed Edmund
  3453 | D:4      | Reached XP level 6. HP: 15/40 MP: 0/12
  3653 | D:4      | Learned a level 4 spell: Hailstorm
  3658 | D:4      | Learned a level 4 spell: Summon Ice Beast
  3778 | D:4      | Got a jewelled spear
  3779 | D:4      | Identified the +5 spear "Izoukkoa" {antimagic, rElec rF+}
                  | (You found it on level 4 of the Dungeon)
  3929 | D:4      | Noticed a phantom
  3950 | D:4      | Killed a phantom
  3950 | D:4      | Reached skill level 1 in Conjurations
  3950 | D:4      | Reached skill level 1 in Summonings
  3950 | D:4      | Reached XP level 7. HP: 30/45 MP: 3/13
  4299 | D:4      | Found Xiacs's Food Shoppe.
  4527 | D:5      | Entered Level 5 of the Dungeon
  4583 | D:5      | Reached skill level 6 in Ice Magic
  5678 | D:5      | Found a sparkling altar of Nemelex Xobeh.
  5697 | D:5      | Noticed Eustachio
  5711 | D:5      | Reached XP level 8. HP: 43/52 MP: 7/15
  5714 | D:5      | Killed Eustachio
  5714 | D:5      | Reached skill level 5 in Spellcasting
  6689 | D:6      | Reached skill level 7 in Ice Magic
  7009 | D:6      | Found an iron altar of Okawaru.
  7560 | D:7      | Reached XP level 9. HP: 58/58 MP: 14/18
  7571 | D:7      | HP: 2/59 [something (9)]
  7572 | D:7      | Mangled by an unseen horror

Illustrated notes

Levels and vault maps discovered:
D:1:      dpeg_arrival_fog, layout_basic
D:2:      layout_basic, ashenzari_conservatory_becter
D:3:      minmay_wonky_spiral, layout_loops_ring, fedhas_altar_4
D:4:      layout_cave_pools, serial_shops, shop, first_ration, uniq_edmund
D:5:      minmay_chambers_of_threes, layout_cave_pods, marbit_many_paths,
          uniq_eustachio
D:6:      layout_loops_ring, lemuel_doored_altar
D:7:      layout_rooms, lemuel_temple_firewalk_b, uniq_duvessa, uniq_harold,
          uniq_maggie

Skill      XL: |  1  2  3  4  5  6  7  8 |
---------------+-------------------------+-----
Fighting       | 1 2 3 4 |  4.3
Spellcasting   | 3 4 6 |  6.3
Ice Magic      | 5 6 7 |  7.7
Conjurations   | 1 2 3 |  3.0
Summonings     | 1 2 3 |  3.0
Dodging        | |  2.0
Stealth        | |  2.6

Action                   |  1- 3 |  4- 6 |  7- 9 || total
-------------------------+-------+-------+-------++-------
Melee: Unarmed           |    25 |       |       ||    25
       Constrict         |    19 |    19 |    27 ||    65
       Tentacles         |    13 |    10 |    12 ||    35
       Dagger            |    30 |    56 |       ||    86
       Flail             |       |    13 |     7 ||    20
       Falchion          |       |       |    66 ||    66
 Cast: Freeze            |    14 |    18 |    18 ||    50
       Frozen Ramparts   |     1 |    10 |    17 ||    28
       Summon Ice Beast  |       |     2 |     8 ||    10
       Hailstorm         |       |       |     7 ||     7
Evoke: Wand              |       |       |     2 ||     2
  Use: Scroll            |       |       |     9 ||     9
 Stab: Sleeping          |    11 |    10 |     7 ||    28
       Distracted        |       |       |     1 ||     1
  Eat: Chunk             |     1 |     9 |    11 ||    21
       Ration            |       |       |     1 ||     1
Armor: Skin              |     5 |     5 |     4 ||    14
Dodge: Dodged            |    50 |    46 |    62 ||   158
       Rpst.: Falchion   |       |       |    17 ||    17
